 Dungeon Crawl Stone Soup version 0.29.0-4-gdea44cf6ec (webtiles) character file.

Game seed: 13441196218035596328

21 qw the Chopper (level 2, -3/17 HPs)
             Began as a Tengu Warper on Aug 28, 2022.
             Slain by Sigmund
             ... wielding a +0 scythe
              (11 damage)
             ... on level 2 of the Dungeon.
             The game lasted 00:00:05 (937 turns).

qw the Chopper (Tengu Warper)                        Turns: 937, Time: 00:00:06

Health: -3/17      AC:  3    Str: 11    XL:     2   Next: 83%
Magic:  6/6        EV: 11    Int: 13    God:
Gold:   99         SH:  0    Dex: 13    Spells: 5/5 levels left

rFire   . . .      SeeInvis .   Y - +0 hand axe
rCold   . . .      Faith    .   (no shield)
rNeg    . . .      Spirit   .   b - +0 leather armour
rPois   .          Reflect  .   (helmet restricted)
rElec   .          Harm     .   (no cloak)
rCorr   .          Rampage  .   (no gloves)
Will    .....                   (boots unavailable)
Stlth   +.........              (no amulet)
HPRegen 0.05/turn               (no ring)
MPRegen 0.10/turn               (no ring)

@: no status effects
A: beak, talons 3
a: no special abilities


You were on level 2 of the Dungeon.
You visited 1 branch of the dungeon, and saw 2 of its levels.

You collected 99 gold pieces.


Innate Abilities, Weirdness & Mutations

You have a beak for a mouth.
You have claws for feet.


   Skills:
 - Level 2.0 Fighting
 + Level 3.6 Axes
 - Level 1.0 Throwing
 - Level 1.1 Armour
 - Level 2.1 Dodging
 - Level 2.0 Spellcasting
 - Level 2.4 Translocations


You had 5 spell levels left.
You didn't know any spells.
Your spell library contained the following spells:

 Spells                   Type           Power      Damage    Failure   Level
 Blink                    Tloc           14%        N/A       19%         2
 Gell's Gravitas          Tloc           7%         N/A       36%         3
 Lesser Beckoning         Tloc           7%         N/A       36%         3
 Teleport Other           Tloc           7%         N/A       36%         3
 Manifold Assault         Tloc           7%         N/A       98%         5

Inventory:

Hand Weapons
 a - a +0 flail
 Y - a +0 hand axe (weapon)
Armour
 b - a +0 leather armour (worn)
Scrolls
 c - a scroll of fear {unknown}
 m - 3 scrolls of identify
Potions
 d - 3 potions of curing
 j - 2 potions of degeneration {unknown}
 l - a potion of flight {unknown}

Dungeon Overview and Level Annotations

Branches:
Dungeon (2/15)

Altars:

Annotations:
D:2 Sigmund


Message History

Found a scale mail.
Found a stone staircase leading up.
There is an open door here.
Enter note: You hit the rat.
You kill the rat!
Sigmund the Dreaded comes into view.
He is wielding a +0 scythe and wearing a +1 robe of positive energy.
Sigmund points at you and mumbles some strange words.
The magic dart hits you!
904 ||| FLEEEEING.
905 ||| FLEEEEING.
906 ||| FLEEEEING.
907 ||| FLEEEEING.
908 ||| FLEEEEING.
912 ||| FLEEEEING.
913 ||| FLEEEEING.
914 ||| FLEEEEING.
915 ||| FLEEEEING.
916 ||| FLEEEEING.
917 ||| FLEEEEING.
918 ||| FLEEEEING.
919 ||| FLEEEEING.
You see here a ball python corpse.
There is an open door here.
You start resting.
Sigmund is nearby!
930 ||| FLEEEEING.
931 ||| FLEEEEING.
Sigmund casts a spell at you.
You are confused.
932 ||| DRINKING 4 potions of curing.
You feel better.
932 ||| (to cure confusion) Sigmund hits you with a +0 scythe!
Ouch! That really hurt!
You hit Sigmund. Your kick misses Sigmund.
Sigmund is lightly wounded.
You hit Sigmund but do no damage.
Sigmund is lightly wounded.
Sigmund hits you with a +0 scythe!
Ouch! That really hurt!
You die...

############..#######
##%# #.#### #>...#
####.# .8######.#
.......'.# .......#@#
.8######@# #.# #.#
#.# #.# #.# ##.#
####### #..# #.....#
#.##


You could see Sigmund.

Vanquished Creatures
  A dart slug (D:1)
  4 ball pythons
  A bat (D:1)
  An endoplasm (D:1)
  4 giant cockroaches
  A goblin (D:1)
  A frilled lizard (D:1)
  6 rats
19 creatures vanquished.

Notes
Turn   | Place    | Note
-------+----------+-------------------------------------------
     0 | D:1      | qw the Tengu Warper began the quest for the Orb.
     0 | D:1      | Reached XP level 1. HP: 12/12 MP: 4/4
     0 | D:1      | 0 ||| qw: Version: 0.1-a-89-g26bdef1
     0 | D:1      | 0 ||| qw: Game counter: 2915
     0 | D:1      | 0 ||| qw: Always use a shield: true
     0 | D:1      | 0 ||| qw: God list: Okawaru
     0 | D:1      | 0 ||| qw: Allow faded altars: false
     0 | D:1      | 0 ||| qw: Do Orc after D:15 true
     0 | D:1      | 0 ||| qw: Do second Lair branch before Depths: true
     0 | D:1      | 0 ||| qw: Lair rune preference: random
     0 | D:1      | 0 ||| qw: Plans: Normal
     0 | D:1      | 0 ||| PLANNING D:1-11
    24 | D:1      | 24 ||| Stepping ~*~*~tactically~*~*~ (stealth).
    25 | D:1      | 25 ||| Stepping ~*~*~tactically~*~*~ (stealth).
    28 | D:1      | 28 ||| Stepping ~*~*~tactically~*~*~ (stealth).
    63 | D:1      | 63 ||| Stepping ~*~*~tactically~*~*~ (stealth).
    65 | D:1      | 65 ||| Stepping ~*~*~tactically~*~*~ (stealth).
    79 | D:1      | Reached XP level 2. HP: 17/17 MP: 6/6
    79 | D:1      | 79 ||| Stepping ~*~*~tactically~*~*~ (stealth).
    82 | D:1      | Reached skill level 3 in Axes
   178 | D:1      | Found a faded altar of an unknown god.
   657 | D:1      | 657 ||| READING scroll labelled ROIMAIPHOA.
   658 | D:1      | 658 ||| READING scroll labelled QEGGUEN NAEN.
   663 | D:1      | 663 ||| READING scroll labelled OGEIKI DUMO.
   664 | D:1      | 664 ||| READING 3 scrolls labelled OTYZORH PUATI.
   665 | D:1      | 665 ||| DRINKING 4 fuming silvery potions.
   666 | D:1      | 666 ||| DRINKING 2 fizzy dark potions.
   667 | D:1      | 667 ||| READING 2 scrolls of identify.
   667 | D:1      | 667 ||| IDENTIFYING bubbling green potion
   668 | D:1      | 668 ||| DROPPING scroll of blinking.
   669 | D:1      | 669 ||| DROPPING potion of berserk rage.
   670 | D:1      | 670 ||| DROPPING potion of brilliance.
   725 | D:2      | 725 ||| DROPPING +0 club.
   903 | D:2      | Noticed Sigmund
   904 | D:2      | 904 ||| FLEEEEING.
   905 | D:2      | 905 ||| FLEEEEING.
   906 | D:2      | 906 ||| FLEEEEING.
   907 | D:2      | 907 ||| FLEEEEING.
   908 | D:2      | 908 ||| FLEEEEING.
   912 | D:2      | 912 ||| FLEEEEING.
   913 | D:2      | 913 ||| FLEEEEING.
   914 | D:2      | 914 ||| FLEEEEING.
   915 | D:2      | 915 ||| FLEEEEING.
   916 | D:2      | 916 ||| FLEEEEING.
   917 | D:2      | 917 ||| FLEEEEING.
   918 | D:2      | 918 ||| FLEEEEING.
   919 | D:2      | 919 ||| FLEEEEING.
   930 | D:2      | 930 ||| FLEEEEING.
   931 | D:2      | 931 ||| FLEEEEING.
   932 | D:2      | 932 ||| DRINKING 4 potions of curing.
   932 | D:2      | 932 ||| (to cure confusion)
   937 | D:2      | Slain by Sigmund

Levels and vault maps discovered:
D:1:      ncdulo_wetmaze, layout_basic, shapermc_ecumenical_altar_mp_highgroup
D:2:      minmay_chambers_of_twos, layout_basic, minmay_misc_feat_columns,
          serial_park_tiny_pond, minmay_misc_feat_diagonals, uniq_sigmund,
          uniq_crazy_yiuf_cottage

Skill      XL: |  1  2 |
---------------+-------+-----
Axes           | 3 |  3.6
Fighting       | |  2.0
Throwing       | |  1.0
Armour         | |  1.1
Dodging        | |  2.1
Spellcasting   | |  2.0
Translocations | |  2.4

Action                   || total
-------------------------++-------
Melee: Hand axe          ||    34
       Kick              ||     6
       Peck              ||     1
Throw: Boomerang         ||     7
  Use: Scroll            ||     5
       Potion            ||     3
Armor: Leather armour    ||     3
Dodge: Dodged            ||    11

Table legend:
 A = Non-vault XP
 B = Vault XP
 C = Vault XP percentage of total XP
 D = Non-vault monster count
 E = Vault monster count
 F = Vault count percentage of total count
                 A         B        C        D         E       F
            +---------+---------+-------+---------+---------+-------
      Total |      30 |       0 |   0.0 |      19 |       0 |   0.0
            +---------+---------+-------+---------+---------+-------
        D:1 |      25 |       0 |   0.0 |      15 |       0 |   0.0
        D:2 |       5 |       0 |   0.0 |       4 |       0 |   0.0
            +---------+---------+-------+---------+---------+-------
